 Dungeon Crawl Stone Soup version 0.21.1-1-g345015f (webtiles) character file.

56 nicolaieve the Chopper (level 3, -3/31 HPs)
             Began as a Minotaur Berserker on July 19, 2018.
             Was a Believer of Trog.
             Shot with an arrow by a centaur (14 damage)
             ... on level 2 of the Dungeon.
             The game lasted 00:03:48 (1243 turns).

nicolaieve the Chopper (Minotaur Berserker)         Turns: 1243, Time: 00:03:48

Health: -3/31      AC:  3    Str: 22    XL:     3   Next: 69%
Magic:  2/2        EV: 12    Int:  4    God:    Trog [**....]
Gold:   129        SH:  0    Dex:  9    Spells: 2/2 levels left

rFire    . . .     SeeInvis .   a - +0 hand axe
rCold    . . .     Gourm    .   (no shield)
rNeg     . . .     Faith    .   b - +0 animal skin
rPois    .         Spirit   .   (helmet restricted)
rElec    .         Reflect  .   (no cloak)
rCorr    .         Harm     .   (no gloves)
MR       .....                  n - +0 pair of boots
Stlth    +.........             (no amulet)
HPRegen  0.10/turn              (no ring)
MPRegen  0.08/turn              (no ring)

@: no status effects
A: retaliatory headbutt, horns 2
a: Berserk, Trog's Hand, Burn Spellbooks, Renounce Religion


You were on level 2 of the Dungeon.
You worshipped Trog.
Trog was pleased with you.
You were not hungry.

You visited 1 branch of the dungeon, and saw 2 of its levels.

You collected 129 gold pieces.

Inventory:

Hand Weapons
 a - a +0 hand axe (weapon)
Armour
 b - a +0 animal skin (worn)
 n - a +0 pair of boots (worn)
Scrolls
 e - a scroll of random uselessness {unknown}
 g - a scroll of blinking {unknown}
 h - a scroll of noise {unknown}
 i - a scroll of remove curse {unknown}
 l - 2 scrolls of identify {unknown}
 m - a scroll of teleportation {unknown}
Potions
 f - 2 potions of lignification {unknown}
 j - 2 potions of magic {unknown}
 k - a potion of cancellation {unknown}
Comestibles
 c - 3 rations


   Skills:
 - Level 3.6 Fighting
 + Level 5.7 Axes
 - Level 2.4 Armour
 - Level 2.1 Dodging


You had 2 spell levels left.
You didn't know any spells.

Dungeon Overview and Level Annotations

Branches:
Dungeon (2/15)

Altars:
Gozag
Uskayaw


Innate Abilities, Weirdness & Mutations

You reflexively headbutt those who attack you in melee.
You have a pair of horns on your head.


Message History

There is an open door here.
There is an open door here.
There is a fountain of clear blue water here.
Done exploring.
Done exploring.
Done exploring.
(D) Dungeon
Where to? (Enter - D:2 @ (x,y), ? - help)
What level of the Dungeon? (default 1, ? - help) Some of the chunks of flesh in your inventory have rotted away.
There is a fountain of clear blue water here.
There is an open door here.
There is an open door here.
All of the chunks of flesh in your inventory have rotted away.
There is a stone staircase leading down here.
You climb downwards.
The centaur shoots an arrow.
The arrow hits you!
There is a stone staircase leading up here.
You see here 2 arrows.
The centaur shoots an arrow.
The arrow hits you!
You die...

#.###..#
####.###..#
..##..##..#
##.###.##..#
..#.......#
#%######.#.#..##.#
#....†.(.#.##.##.#
#...$..#.#.##.##.#
+......'@..##.##.#
#.?....######..#.#
#...c..# ##.#.#
#......# #.#.#
######c. #..)# #.#
##..# #..# #..#
#..#


You could see a centaur.

Vanquished Creatures
  An adder (D:2)
  A worm (D:2)
  2 leopard geckos
  4 giant cockroaches
  5 goblins
  3 hobgoblins (D:1)
  7 jackals (D:1)
  A quokka (D:2)
  4 bats
  3 frilled lizards
  3 kobolds
  4 rats (D:1)
38 creatures vanquished.

Notes
Turn   | Place    | Note
-------+----------+-------------------------------------------
     0 | D:1      | nicolaieve the Minotaur Berserker began the quest for the Orb.
     0 | D:1      | Reached XP level 1. HP: 19/19 MP: 0/0
    15 | D:1      | Reached skill level 4 in Axes
    88 | D:1      | Reached XP level 2. HP: 26/26 MP: 1/1
   529 | D:1      | Reached ** piety under Trog
   531 | D:1      | Reached skill level 5 in Axes
   587 | D:1      | Reached XP level 3. HP: 30/31 MP: 2/2
   782 | D:1      | You fall through a shaft!
  1050 | D:2      | Found a hide-covered altar of Uskayaw.
  1050 | D:2      | Found an opulent altar of Gozag.
  1114 | D:2      | Noticed a centaur
  1243 | D:2      | Shot with an arrow by a centaur

Skill      XL: |  1  2 |
---------------+-------+-----
Axes           | 4 5 |  5.7
Fighting       | |  3.6
Armour         | |  2.4
Dodging        | |  2.1

Action                   || total
-------------------------++-------
Melee: Hand axe          ||    68
       Headbutt          ||     5
  Eat: Chunk             ||     1
Armor: Animal skin       ||    13
Dodge: Dodged            ||    40
